Map: Ephemeron LE

Players

Denver - Winner!

  • Race: Zerg Zerg
  • League: Master
  • Spawn Location: 5:00

Special

  • Race: Terran Terran
  • League: Master
  • Spawn Location: 11:00

VOD

Have the link to the VOD?

Description

Time

  • Played on: Jan. 14, 2020, 3:14 p.m.
  • Length: 5:13
Show
View Real Time Build Order
Export as new Build Order

Denver Zerg - Winner!

Build Orders: Hatch First, Zergling Baneling 

Get SALT Encoding   

  12  0:00  Drone  
  13  0:12  Overlord  
  13  0:16  Drone  
  14  0:30  Drone x2  
  16  0:47  Hatchery  
  15  0:51  Drone  
  15  0:54  Drone  
  17  0:59  Drone  
  18  1:08  Extractor  
  17  1:13  Spawning Pool  
  17  1:16  Drone  
  17  1:19  Drone  
  18  1:29  Drone  
  19  1:38  Drone  
  20  1:49  Overlord  
  20  2:00  Queen x2  
  20  2:01  Zergling x4  
  26  2:08  Metabolic Boost  
  26  2:11  Drone  
  26  2:14  Drone  
  28  2:31  Hatchery  
  28  2:33  Drone  
  28  2:38  Drone  
  28  2:42  Drone x2  
  31  2:46  Overlord  
  31  2:49  Drone  
  32  2:57  Pneumatized Carapace  
  32  3:00  Drone x2  
  34  3:05  Drone  
  34  3:06  Drone  
  34  3:11  Drone x3  
  39  3:16  Drone  
  40  3:21  Overlord  
  40  3:25  Queen  
  42  3:36  Overlord  
  42  3:37  Overlord  
  42  3:39  Queen  
  42  3:41  Drone x2  
  46  3:44  Drone x2  
  46  3:46  Drone  
  49  3:50  Zergling x4  
  49  3:53  Overlord  
  51  3:58  Baneling Nest  
  50  4:04  Queen  
  50  4:05  Spine Crawler  
  50  4:08  Zergling x4  
  53  4:13  Zergling x4  
  53  4:14  Zergling x4  
  57  4:19  Zergling x6  
  57  4:21  Overlord  
  60  4:26  Zergling x4  
  60  4:30  Queen  
  64  4:37  Zergling x2  
  64  4:38  Zergling x2  
  65  4:39  Overlord x2  
  65  4:42  Baneling x5  
  65  4:52  Baneling x4  
Show
View Real Time Build Order
Export as new Build Order

Special Terran 

Build Orders: Gas First Reaper Expand, Hellion Opening 

Get SALT Encoding   

  12  0:01  SCV  
  13  0:13  SCV  
  14  0:17  Supply Depot  
  14  0:25  SCV  
  15  0:29  Refinery  
  15  0:39  SCV  
  16  0:45  Barracks  
  16  0:51  SCV  
  17  1:03  SCV  
  18  1:15  SCV  
  19  1:32  Reaper, Orbital Command  
  20  1:42  Command Center  
  20  1:53  Factory  
  20  1:58  SCV  
  21  2:08  Barracks Reactor  
  21  2:10  SCV  
  21  2:14  Supply Depot  
  22  2:18  Refinery  
  22  2:22  SCV  
  23  2:36  SCV  
  24  2:43  Starport  
  24  2:48  SCV  
  24  2:50  Hellion x2  
  29  2:53  Barracks Tech Lab  
  29  2:55  Orbital Command  
  29  3:11  Hellion x2  
  33  3:16  Marauder  
  33  3:19  Viking  
  36  3:26  Supply Depot  
  40  3:34  Hellion x2  
  40  3:38  Marauder  
  42  3:48  Supply Depot  
  42  3:50  Armory  
  42  3:55  Medivac  
  44  3:56  Armory  
  44  3:58  Hellion  
  48  4:02  Marauder  
  48  4:06  Hellion  
  48  4:08  Concussive Shells  
  50  4:14  SCV x2  
  52  4:27  Supply Depot  
  52  4:29  Marauder, Hellion  
  56  4:32  Hellion  
  56  4:36  SCV x2  
  60  4:51  SCV  
  64  4:55  SCV  
Tags
 
Add a new tag
Caveats
  • Supply blocks, unpowered buildings, or Contaminate may cause inaccurate times.
  • Supply counts are checked every 10 seconds.